 Dungeon Crawl Stone Soup version 0.32-a0-921-g04a7ad8e02 (webtiles) character file.

Game seed: 3074447014212775332

414 DEFE the Chopper (level 6, -6/47 HPs)
             Began as a Coglin Fighter on Apr 11, 2024.
             Killed by divine providence
             ... invoked by an orc priest
              (14 damage)
             ... on level 4 of the Dungeon.
             The game lasted 00:02:54 (2446 turns).

DEFE the Chopper (Coglin Fighter)                   Turns: 2446, Time: 00:02:54

Health: -6/47      AC: 16    Str: 18    XL:     6   Next: 91%
Magic:  6/6        EV:  4    Int:  7    God:
Gold:   146        SH:  0    Dex: 14    Spells: 5/5 levels left

rFire   + . .        s - +3 hand axe (heavy) {Ekveer}
rCold   + . .        l - +1 whip (elec) {Otto}
rNeg    . . .        g - +0 plate armour
rPois   +            k - +2 helmet
rElec   +            u - +1 cloak
rCorr   +            (no gloves)
SInv    .            (no boots)
Will    .....        (amulet unavailable) Stlth
                     (ring unavailable)
HPRegen 0.27/turn    (ring unavailable)
MPRegen 0.10/turn    (no gizmo)

%: no passive effects
@: resistant
A: off-hand wielding, slow wielding, warmup strikes, no jewellery
a: Invent Gizmo, Convert to Beogh


You were on level 4 of the Dungeon.
You visited 1 branch of the dungeon, and saw 4 of its levels.

You collected 146 gold pieces.

Inventory:

Hand Weapons
 a - a +0 war axe {Ashmeen}
 l - a +1 whip of electrocution (offhand) {Otto}
 s - a +3 heavy hand axe (weapon) {Ekveer}
Armour
 g - a +0 plate armour (worn)
 k - a +2 helmet (worn)
 u - a +1 cloak (worn)
Wands
 t - a wand of flame (20)
Scrolls
 b - 2 scrolls of amnesia
 i - a scroll of torment {unknown}
 j - a scroll of butterflies
 m - 2 scrolls of teleportation
 n - a scroll of revelation
 p - 2 scrolls of enchant armour
 q - a scroll of fear
 r - a scroll of vulnerability
 v - a scroll of immolation
 w - a scroll of fog
Potions
 c - a potion of heal wounds {unknown}
 d - a potion of might
 f - 2 potions of cancellation {unknown}
 h - 4 potions of curing
 o - 3 potions of resistance


   Skills:
 - Level 3.0 Fighting
 + Level 7.2 Axes
 - Level 2.6 Armour
 - Level 2.1 Shields


You had 5 spell levels left.
You didn't know any spells.
Your spell library contained the following spells:

 Spells                   Type           Power      Damage    Failure   Level
 Passwall                 Erth           0%         N/A       100%        3
 Volatile Blastmotes      Fire/Tloc      0%         2d10      100%        3
 Vhi's Electric Charge    Tloc/Air       0%         N/A       100%        4
 Bombard                  Conj/Erth      0%         9d1       100%        6


Dungeon Overview and Level Annotations

Branches:
Dungeon (4/15)
 Temple: D:4-7

Altars:
Makhleb

Portals:
Sewer: D:4


Innate Abilities, Weirdness & Mutations

You can wield a second weapon in your off-hand.
It takes a long time for you to wield or remove held weapons.
Your first few attacks do less damage.
You cannot equip rings or amulets.


Message History

The orc priest invokes the aid of Beogh against you.
Beogh smites you!
The orc priest calls down the wrath of Beogh upon you.
Beogh smites you!
The orc priest threatens, "Beogh's wrath is as vast as their mercy.
Make your choice!"
The orc priest shouts, "The Pantheon deserves no one's loyalty.
Let us show you the true path!" (press Y on the ability menu to convert to Beogh)
The giant cockroach bites you but does no damage.
The orc priest mumbles some strange prayers to Beogh against you.
Pain shoots through your body!
* * * LOW HITPOINT WARNING * * *
The orc priest calls down the wrath of Beogh upon you.
Beogh smites you!
* * * LOW HITPOINT WARNING * * *
The orc priest invokes the aid of Beogh against you.
You barely resist.
Unknown command.
Okay, then.
A hobgoblin comes into view.
The hobgoblin shouts!
The quokka twitches its whiskers.
The giant cockroach bites you but does no damage.
The quokka bites you.
* * * LOW HITPOINT WARNING * * *
Unknown command.
Unknown command.
Unknown command.
It was a potion of curing.
You feel better.
The giant cockroach bites you but does no damage. x2
You feel better.
The giant cockroach bites you but does no damage.
It was a potion of resistance.
You feel protected.
The orc priest calls down the wrath of Beogh upon you.
Beogh smites you!
* * * LOW HITPOINT WARNING * * *
The giant cockroach barely misses you.
The orc priest calls down the wrath of Beogh upon you.
Beogh smites you!
You die...

#~~~#........
#~∩~#........
#~~~#........
#~rr#........
#~~~#........
#~~~#g.......
#..r#........
#.rrB@.......
##..##.......
#o.# ###....
.....o..# ###
....o...#
.....o...
.......S.
.......o..
........S.


You could see 2 orc priests, an orc, 3 quokkas, a giant cockroach and a
hobgoblin.

Vanquished Creatures
  Sigmund (D:2)
  Crazy Yiuf (D:2)
  Jessica (D:3)
  Natasha (thrice) (D:3)
  3 gnolls (D:3)
  3 adders
  3 dart slugs
  2 ribbon worms (D:2)
  An orc (D:3)
  5 ball pythons
  6 endoplasms
  2 giant cockroaches
  6 goblins
  4 hobgoblins
  6 kobolds
  4 quokkas
  8 bats
  3 frilled lizards
  2 rats
64 creatures vanquished.

Notes
Turn   | Place    | Note
-------+----------+-------------------------------------------
     0 | D:1      | DEFE the Coglin Fighter began the quest for the Orb.
     0 | D:1      | Reached XP level 1. HP: 18/18 MP: 1/1
   163 | D:1      | Reached XP level 2. HP: 24/24 MP: 2/2
   567 | D:1      | Reached skill level 3 in Axes
   659 | D:2      | Noticed Sigmund
   662 | D:2      | Reached XP level 3. HP: 29/29 MP: 3/3
   671 | D:2      | Killed Sigmund
   672 | D:2      | Reached skill level 5 in Axes
   672 | D:2      | Reached XP level 4. HP: 25/35 MP: 4/4
   672 | D:2      | Reached XP level 5. HP: 29/41 MP: 5/5
  1214 | D:2      | Reached skill level 6 in Axes
  1270 | D:2      | Found a runed translucent door.
  1271 | D:2      | Noticed Crazy Yiuf
  1472 | D:2      | Killed Crazy Yiuf
  1473 | D:2      | Reached XP level 6. HP: 28/47 MP: 6/6
  1568 | D:3      | Noticed Jessica
  1571 | D:3      | Killed Jessica
  1746 | D:3      | Found a burning altar of Makhleb.
  1817 | D:3      | Identified the +2 robe of Courage {Int+3 Slay+2}
  1850 | D:3      | Noticed Natasha
  1859 | D:3      | Killed Natasha
  1898 | D:3      | Noticed Natasha
  1904 | D:3      | Killed Natasha
  1988 | D:3      | Reached skill level 7 in Axes
  2156 | D:3      | Noticed Natasha
  2159 | D:3      | Killed Natasha
  2438 | D:4      | Found a glowing drain.
  2442 | D:4      | HP: 2/47 [quokka (2)]
  2446 | D:4      | Killed from afar by an orc priest

Illustrated notes

Levels and vault maps discovered:
D:1:      ncdulo_lavacross, layout_basic
D:2:      layout_basic, guppyfry_early_lair_pool, uniq_crazy_yiuf_cottage,
          uniq_sigmund
D:3:      minmay_evil_eye, layout_loops_ring, bloody_makhleb, uniq_jessica,
          uniq_natasha
D:4:      layout_cave_pods, portal_sewer_entry_f, uniq_duvessa

Skill      XL: |  1  2  3  4  5  6 |
---------------+-------------------+-----
Axes           | 3 5 6 7 |  7.2
Fighting       | |  3.0
Armour         | |  2.6
Shields        | |  2.1

Action                     |  1- 3 |  4- 6 || total
---------------------------+-------+-------++-------
  Melee: War axe           |    40 |    13 ||    53
         Whip              |    25 |    57 ||    82
         Hand axe          |       |    55 ||    55
    Use: Scroll            |       |     9 ||     9
         Potion            |       |     3 ||     3
 Armour: Scale mail        |    13 |       ||    13
         Plate armour      |    25 |    98 ||   123
  Dodge: Dodged            |    11 |    11 ||    22

Table legend: (Time is in decaauts)
 A = Elapsed time spent in this place.
 B = Non-inter-level travel time spent in this place.
 C = Inter-level travel time spent in this place.
 D = Time resting spent in this place.
 E = Time spent auto-exploring this place.
 F = Levels seen in this place.
 G = Mean time per level.
                   A        B        C        D        E       F      G
               +--------+--------+--------+--------+--------+-----+--------+
         Total |   2470 |   2341 |    129 |    204 |   1684 |   4 |  617.5 |
       Dungeon |   2470 |   2341 |    129 |    204 |   1684 |   4 |  617.5 |
               +--------+--------+--------+--------+--------+-----+--------+

Top non-repeatable levels by time:
     D:2: 975 daAuts
     D:3: 879 daAuts
     D:1: 607 daAuts
     D:4: 7 daAuts
